 Dungeon Crawl Stone Soup version 0.32-a0-834-geaf45d8e21 (webtiles) character file.

Game seed: 8759599821585639647

61 snetch the Trooper (level 3, -13/34 HPs)
             Began as a Minotaur Berserker on Mar 25, 2024.
             Was a Follower of Trog.
             Killed by divine providence
             ... invoked by an orc priest
              (15 damage)
             ... on level 2 of the Dungeon.
             The game lasted 00:02:36 (1455 turns).

snetch the Trooper (Minotaur Berserker)             Turns: 1455, Time: 00:02:40

Health: -13/34     AC:  6    Str: 23    XL:     3   Next: 83%
Magic:  2/2        EV:  9    Int:  4    God:    Trog [*.....]
Gold:   117        SH:  0    Dex:  9    Spells: 2/2 levels left

rFire   . . .        a - +0 hand axe
rCold   . . .        (no shield)
rNeg    . . .        h - +0 scale mail
rPois   .            (helmet restricted)
rElec   .            (no cloak)
rCorr   .            (no gloves)
SInv    .            (no boots)
Will    .....        (no amulet) Stlth
                     e - ring of flight
HPRegen 0.25/turn    (no ring)
MPRegen 0.08/turn

%: no passive effects
@: confused, brilliant, on berserk cooldown, flying, slowed, very slow
A: horns 2, retaliatory headbutt
a: Renounce Religion, Berserk


You were on level 2 of the Dungeon.
You worshipped Trog.
Trog was aware of your devotion.
You visited 1 branch of the dungeon, and saw 2 of its levels.

You collected 117 gold pieces.

Inventory:

Hand Weapons
 a - a +0 hand axe (weapon)
Missiles
 c - 3 stones (quivered)
Armour
 b - a +0 plate armour
 h - a +0 scale mail (worn)
Jewellery
 e - a ring of flight (left hand)
 l - a ring of ice
Scrolls
 d - a scroll of identify {unknown}
 i - a scroll of summoning {unknown}
 j - a scroll of poison {unknown}
 k - a scroll of noise {unknown}
Potions
 f - a potion of heal wounds {unknown}
 g - a potion of brilliance
 m - 2 potions of attraction {unknown}
 n - a potion of lignification {unknown}


   Skills:
 + Level 4.4 Fighting
 + Level 4.3 Axes
 + Level 0.1 Throwing
 + Level 2.8 Armour
 + Level 2.9 Dodging
 + Level 0.3 Stealth


You had 2 spell levels left.
You didn't know any spells.
Your spell library contained the following spells:

 Spells                   Type           Power      Damage    Failure   Level
 Apportation              Tloc           0%         N/A       82%         1
 Jinxbite                 Hex            0%         N/A       91%         2
 Gell's Gravitas          Tloc           0%         N/A       99%         3
 Teleport Other           Tloc           0%         N/A       99%         3
 Alistair's Intoxication  Alch           0%         N/A       100%        5
 Dispersal                Tloc           0%         N/A       100%        6


Dungeon Overview and Level Annotations

Branches:
Dungeon (2/15)

Altars:


Innate Abilities, Weirdness & Mutations

You have a pair of horns on your head.
You reflexively headbutt those who attack you in melee.


Message History

The orc wizard hits you but does no damage.
The orc priest closely misses you. The orc wizard completely misses you.
The orc priest hits you but does no damage.
You bump into the rock wall.
The orc wizard barely misses you.
The orc priest hits you with a +0 dagger.
The orc priest looks braver for a moment.
Unknown command.
You bump into the rock wall.
The orc priest closely misses you.
The orc wizard points at you and mumbles some strange words.
The magic dart hits you. The orc priest closely misses you.
The orc wizard hits you with a +0 dagger.
The orc priest calls upon Beogh to heal the orc wizard.
The orc wizard's wounds heal themselves!
The orc priest hits you but does no damage.
You bump into the rock wall.
You feel less confused.
The orc wizard hits you but does no damage.
The orc priest hits you with a +0 dagger.
The orc priest barely misses you.
Unknown command.
You hit the orc wizard.
The orc wizard is moderately wounded.
You barely miss the orc priest. x2
The orc priest hits you with a +0 dagger.
The orc wizard casts a spell at you. You resist with significant effort.
The orc priest calls down the wrath of Beogh upon you.
Beogh smites you!
* * * LOW HITPOINT WARNING * * *
The orc priest hits you with a +0 dagger.
* * * LOW HITPOINT WARNING * * *
The orc priest hits you but does no damage.
The orc wizard closely misses you.
It was a potion of brilliance.
You feel clever all of a sudden. The orc wizard casts a spell at you.
You are confused.
The orc priest calls down the wrath of Beogh upon you.
Beogh smites you!
You die...

#.# #.# #.#
....... #.#
...S..( #.#
....... #.# ......
# #.# ....#
#.##@##.o..#
#..ooo#)..[#
####S.†....#
#.#.....#
#.#..#### #.##.#
#### #.# ..
...#############.#
###
...+...........#.#


You could see 2 orc priests, an orc wizard and a ball python.

Vanquished Creatures
  Jessica (D:2)
  A ribbon worm (D:2)
  An orc (D:2)
  A bat (D:2)
  5 endoplasms (D:1)
  2 giant cockroaches
  2 goblins (D:1)
  3 hobgoblins
  4 jackals (D:1)
  A quokka (D:2)
  4 ball pythons
  A kobold (D:1)
  3 rats
29 creatures vanquished.

Notes
Turn   | Place    | Note
-------+----------+-------------------------------------------
     0 | D:1      | snetch the Minotaur Berserker began the quest for the Orb.
     0 | D:1      | Reached XP level 1. HP: 19/19 MP: 0/0
    25 | D:1      | HP: 1/20 [jackal (3)]
   212 | D:1      | Reached XP level 2. HP: 27/27 MP: 1/1
  1111 | D:2      | Reached XP level 3. HP: 33/33 MP: 2/2
  1117 | D:2      | Noticed Jessica
  1132 | D:2      | Killed Jessica
  1454 | D:2      | HP: 1/34 [orc priest/+0 dagger (4)]
  1455 | D:2      | Killed from afar by an orc priest

Illustrated notes

Levels and vault maps discovered:
D:1:      mrwooster_arrival_arrow, layout_loops_corners
D:2:      layout_basic, nicolae_underground_beach, uniq_sigmund, uniq_jessica,
          uniq_terence

Skill      XL: |  1  2 |
---------------+-------+-----
Fighting       | 4 |  4.4
Axes           | 4 |  4.3
Throwing       | |  0.1
Armour         | |  2.8
Dodging        | |  2.9
Stealth        | |  0.3

Action                     || total
---------------------------++-------
  Melee: Hand axe          ||    72
         Headbutt          ||    15
  Throw: Stone             ||    11
 Invoke: Berserk           ||     1
    Use: Potion            ||     1
 Armour: Animal skin       ||    36
         Scale mail        ||    38
  Dodge: Dodged            ||    47

Table legend: (Time is in decaauts)
 A = Elapsed time spent in this place.
 B = Non-inter-level travel time spent in this place.
 C = Inter-level travel time spent in this place.
 D = Time resting spent in this place.
 E = Time spent auto-exploring this place.
 F = Levels seen in this place.
 G = Mean time per level.
                   A        B        C        D        E       F      G
               +--------+--------+--------+--------+--------+-----+--------+
         Total |   1464 |   1444 |     20 |      0 |   1076 |   2 |  732.0 |
       Dungeon |   1464 |   1444 |     20 |      0 |   1076 |   2 |  732.0 |
               +--------+--------+--------+--------+--------+-----+--------+

Top non-repeatable levels by time:
     D:1: 1006 daAuts
     D:2: 457 daAuts
